 Dungeon Crawl Stone Soup version 0.29-a0-25-g7f48f510a0 (webtiles) character file.

Game seed: 10014683701879652656

37221 HallandMoats the Fighter (level 13, -1/119 HPs)
             Began as a Ghoul Monk on Jan 31, 2022.
             Was a High Priest of Okawaru.
             Splashed by a brown ugly thing's acid (8 damage)
             ... on level 14 of the Dungeon on Feb 1, 2022.
             The game lasted 00:28:08 (22170 turns).

HallandMoats the Fighter (Ghoul Monk)              Turns: 22170, Time: 00:28:08

Health: -1/119     AC: 10    Str: 24    XL:     13   Next: 95%
Magic:  16/21      EV: 11    Int:  5    God:    Okawaru [*****.]
Gold:   690        SH:  5    Dex: 13    Spells: 12/12 levels left

rFire   + . .      SeeInvis .     - Unarmed
rCold   + + +      Faith    .   (no shield)
rNeg    + + +      Spirit   .   n - +3 chain mail
rPois   ∞          Reflect  +   g - +0 helmet
rElec   .          Harm     .   J - scarf {rC+ rF+}
rCorr   .          Rampage  .   (no gloves)
Will    .....                   f - +2 pair of boots
Stlth   ..........              N - amulet of reflection
HPRegen 0.00/turn               k - ring of protection from cold
MPRegen 0.17/turn               C - +6 ring of strength

@: finesse-ful, corroded, inhibited regen
A: claws 1, cold resistance 1, negative energy resistance 3, inhibited
regeneration, torment resistance 2
a: Renounce Religion, Heroism, Finesse, Duel


You were on level 14 of the Dungeon.
You worshipped Okawaru.
Okawaru was extremely pleased with you.
You visited 2 branches of the dungeon, and saw 15 of its levels.
You also visited: Sewer.

You collected 690 gold pieces.

Inventory:

Hand Weapons
 b - the +8 storm bow {elec, penet}
   (Okawaru gifted it to you on level 11 of the Dungeon)

   Any ammunition fired from it occasionally discharges a powerful burst of
   electricity upon striking a foe.
   Any ammunition fired by it passes through the targets it hits, potentially
   hitting all targets in its path until it reaches maximum range.
Missiles
 B - 7 throwing nets (quivered)
 L - 234 arrows
Armour
 f - a +2 pair of boots (worn)
 g - a +0 helmet (worn)
 j - the +0 buckler of Kucour {Str+4}
   (Okawaru gifted it to you on level 12 of the Dungeon)

   Str:       It affects your strength (+4).
 n - a +3 chain mail (worn)
 G - a +2 cloak
 J - a scarf of resistance (worn)
Jewellery
 k - a ring of protection from cold (left claw)
 p - the ring "Poudoq" {MP+9 Str-4 Int+4 SInv}
   (You found it on level 4 of the Dungeon)

   [ring of magical power]

   Str:       It affects your strength (-4).
   Int:       It affects your intelligence (+4).
   MP:        It affects your magic capacity (+9).
   SInv:      It lets you see invisible.
 t - a ring of protection from cold
 C - a +6 ring of strength (right claw)
 D - a ring of ice
 E - a ring of magical power
 N - an amulet of reflection (around neck)
Wands
 a - a wand of flame (34)
 m - a wand of acid (4)
 z - a wand of iceblast (19)
 I - a wand of mindburst (12)
 K - a wand of digging (6)
Scrolls
 h - a scroll of silence
 i - 7 scrolls of teleportation
 o - a scroll of fog
 r - a scroll of summoning {unknown}
 s - a scroll of magic mapping
 u - 2 scrolls of noise {unknown}
 v - a scroll of immolation
 y - 3 scrolls of blinking {unknown}
 F - 2 scrolls of enchant weapon
 O - a scroll of identify
Potions
 c - 5 potions of invisibility
 d - 6 potions of curing
 q - 2 potions of brilliance {unknown}
 w - 2 potions of haste {unknown}
 x - a potion of magic {unknown}
 A - 2 potions of berserk rage {unknown}
 H - 4 potions of mutation {unknown}
 M - 2 potions of cancellation {unknown}


   Skills:
 * Level 12.7 Fighting
 * Level 1.4 Bows
 + Level 7.2 Armour
 + Level 7.9 Dodging
 - Level 2.1 Stealth
 + Level 7.2 Shields
 - Level 12.5 Unarmed Combat
 * Level 12.2 Invocations


You had 12 spell levels left.
You didn't know any spells.
Your spell library contained the following spells:

 Spells                   Type           Power      Damage    Failure   Level
 Sandblast                Erth           0%         2d4       97%         1
 Shock                    Conj/Air       0%         1d3       97%         1
 Static Discharge         Conj/Air       0%         N/A       99%         2
 Frozen Ramparts          Ice            0%         1d2       100%        3
 Swiftness                Air            0%         N/A       100%        3
 Airstrike                Air            0%         N/A       100%        4
 Dispel Undead            Necr           0%         3d6       100%        4
 Sticky Flame             Conj/Fire      0%         2d3       100%        4
 Lee's Rapid Deconstruct  Erth           0%         3d5*      100%        5
 Silence                  Hex/Air        0%         N/A       100%        5
 Yara's Violent Unravell  Hex/Tmut       0%         3d3       100%        5
 Summon Small Mammal      Summ           Unusable   N/A       N/A         1
 Call Canine Familiar     Summ           Unusable   N/A       N/A         3
 Summon Guardian Golem    Hex/Summ       Unusable   N/A       N/A         3
 Tukima's Dance           Hex            Unusable   N/A       N/A         3
 Ice Form                 Ice/Tmut       Unusable   N/A       N/A         4
 Summon Ice Beast         Ice/Summ       Unusable   N/A       N/A         4

Dungeon Overview and Level Annotations

Branches:
Dungeon (14/15)            Temple (1/1) D:4            Lair (0/6) D:9
    Orc (0/2) D:11         Vaults (0/5) D:13          Sewer (visited)

Altars:
Ashenzari
Cheibriados
Dithmenos
Elyvilon
Fedhas
Gozag
Hepliaklqana
Kikubaaqudgha
Makhleb
Nemelex Xobeh
Okawaru
Qazlal
Ru
Sif Muna
Trog
Uskayaw
Vehumet
Wu Jian
Xom
Yredelemnul
Zin
The Shining One
Beogh

Annotations:
D:11 2 transporters, arthad's ghost, journeyman GnWn


Innate Abilities, Weirdness & Mutations

You thrive by killing the living.
You are immune to poison.
You have sharp fingernails.
Your flesh is cold resistant. (rC+)
You are immune to negative energy. (rN+++)
You do not regenerate when monsters are visible.
You are immune to unholy pain and torment.


Message History

You scratch the red ugly thing.
The red ugly thing is heavily wounded.
The red ugly thing basks in the mutagenic energy from its kin and changes! x2
You mangle the brown ugly thing!!
You kill the brown ugly thing!
Okawaru accepts your kill.
You feel better.
You claw the brown ugly thing!
The brown ugly thing is moderately wounded.
The brown ugly thing engulfs you.
You are splashed with acid!
You claw the brown ugly thing!
The brown ugly thing is moderately wounded.
You scratch the brown ugly thing.
The brown ugly thing is heavily wounded.
The brown ugly thing engulfs you but does no damage.
You scratch the brown ugly thing but do no damage.
The brown ugly thing is heavily wounded.
The brown ugly thing engulfs you! The acid corrodes you!
You are splashed with acid.
* * * LOW HITPOINT WARNING * * *
You mangle the brown ugly thing!!
The brown ugly thing is almost dead.
You closely miss the brown ugly thing. You claw the brown ugly thing!
The brown ugly thing is almost dead.
The brown ugly thing engulfs you!
* * * LOW HITPOINT WARNING * * *
The acid corrodes you!
You are splashed with acid!
* * * LOW HITPOINT WARNING * * *
The brown ugly thing basks in the mutagenic energy from its kin and changes!
The brown ugly thing engulfs you but does no damage.
You feel much better. The brown ugly thing engulfs you!
* * * LOW HITPOINT WARNING * * *
You are splashed with acid.
* * * LOW HITPOINT WARNING * * *
Okay, then.
You can now deal lightning-fast blows.
You feel like a meek peon again. The brown ugly thing engulfs you!
* * * LOW HITPOINT WARNING * * *
You are splashed with acid!
You die...

##.## .#.....
#.# .....## # #
#.# .. ..# ).#
#.# ... .# ..#
#.# ... .# ...
#.# ... ..#u#
... #.#u# ....
#.#@# ... ..#
#.#.# ..# #.#
#.#.# ..#
#.###.#)#
..#.####
#.##..<.#####.
..(....#
#.#..<.........
.### #.#
#.#...#.#######
.#
#.###.#...#.#
.#
#.........#.#


You could see 2 ugly things.

Vanquished Creatures
  Snorg (D:11)
  3 vault guards (D:13)
  Harold (D:9)
  2 hydras (D:12)
  Fannar (D:12)
  2 boulder beetles
  3 centaur warriors
  2 two-headed ogres
  The ghost of jfcaron the Fighter, a novice DjCA of Ignis (D:8)
  Nergalle (D:11)
  A sixfirhy (D:13)
  3 skeletal warriors (D:10)
  3 deep elf pyromancers
  3 cyclopes
  3 deep elf zephyrmancers (D:12)
  10 ugly things
  A manticore (D:13)
  A gargoyle (D:12)
  3 unseen horrors (D:11)
  Psyche (D:8)
  3 komodo dragons
  2 trolls
  Prince Ribbit (D:5)
  8 slime creatures
  2 vampires
  Sigmund (D:4)
  17 yaks
  7 humans (D:13)
  3 wyverns
  2 steam dragons
  11 vampire mosquitoes
  A basilisk (D:13)
  A warg (D:8)
  A water moccasin (D:9)
  3 acid dragons
  An ice beast (D:6)
  6 orc warriors
  A sky beast (D:7)
  2 necrophages (D:6)
  3 ogres
  5 centaurs
  A phantom (D:5)
  2 kobold brigands (D:9)
  A wyvern zombie (D:8)
  2 scorpions (D:5)
  2 gnoll sergeants
  3 wyvern skeletons
  A water moccasin skeleton (D:5)
  9 killer bees
  17 wights
  7 howler monkeys
  7 centaur zombies
  8 orc priests
  Crazy Yiuf (D:3)
  2 bullfrog skeletons
  3 gnoll shamans
  3 hounds
  6 jellies
  A centaur skeleton (D:6)
  2 iguanas
  Natasha (thrice) (D:4)
  6 orc wizards
  14 adders
  22 gnolls
  5 river rats (Sewer)
  A shadow imp (D:7)
  An adder skeleton (D:4)
  3 worms
  7 dart slugs
  34 orcs
  6 bats
  11 endoplasms
  8 giant cockroaches
  9 goblins
  3 hobgoblins
  2 jackals (D:3)
  16 kobolds
  4 quokkas
  8 ball pythons
  4 frilled lizards
  6 rats
  A spectral kobold (D:2)
379 creatures vanquished.

Vanquished Creatures (others)
  2 humans (D:13)
  3 fungi (D:9)
  4 plants (D:9)
9 creatures vanquished.

Grand Total: 388 creatures vanquished

Notes
Turn   | Place    | Note
-------+----------+-------------------------------------------
     0 | D:1      | HallandMoats the Ghoul Monk began the quest for the Orb.
     0 | D:1      | Reached XP level 1. HP: 19/19 MP: 0/0
   107 | D:1      | Reached XP level 2. HP: 25/26 MP: 1/1
   143 | D:1      | Reached skill level 1 in Invocations
   645 | D:1      | Reached XP level 3. HP: 31/31 MP: 2/2
  1014 | D:2      | Found a faded altar of an unknown god.
  1282 | D:2      | Reached XP level 4. HP: 35/40 MP: 4/4
  1763 | D:3      | Found a hide-covered altar of Uskayaw.
  1763 | D:3      | Found an ancient bone altar of Kikubaaqudgha.
  1868 | D:3      | Reached skill level 1 in Armour
  2198 | D:3      | Found a runed translucent door.
  2199 | D:3      | Noticed Crazy Yiuf
  2651 | D:4      | Reached XP level 5. HP: 43/46 MP: 5/5
  2701 | D:4      | Reached skill level 1 in Shields
  2726 | D:4      | Noticed Sigmund
  2805 | D:3      | Killed Crazy Yiuf
  2902 | D:4      | Found a staircase to the Ecumenical Temple.
  2905 | D:4      | Identified the ring "Poudoq" {MP+9 Str-4 Int+4 SInv}
  2926 | Temple   | Entered the Ecumenical Temple
  3103 | Temple   | Became a worshipper of Warmaster Okawaru
  3103 | Temple   | Reached * piety under Okawaru
  3103 | Temple   | Reached ** piety under Okawaru
  3211 | D:4      | Killed Sigmund
  3212 | D:4      | Reached XP level 6. HP: 46/53 MP: 3/7
  3321 | D:4      | Noticed Natasha
  3333 | D:4      | Killed Natasha
  3368 | D:4      | Reached skill level 5 in Fighting
  3368 | D:4      | Reached skill level 5 in Unarmed Combat
  3368 | D:4      | Reached XP level 7. HP: 13/61 MP: 8/8
  3726 | D:4      | Noticed Natasha
  4036 | D:4      | Killed Natasha
  4385 | D:5      | Entered Level 5 of the Dungeon
  4450 | D:5      | Found a glowing drain.
  4451 | D:5      | Noticed Prince Ribbit
  4481 | D:5      | HP: 3/61 [Prince Ribbit (9)]
  4490 | D:5      | Killed Prince Ribbit
  4491 | D:5      | Reached XP level 8. HP: 3/70 MP: 10/10
  4819 | Sewer    | Entered a sewer
  4901 | Sewer    | Reached *** piety under Okawaru
  5142 | Sewer    | Found a viscous altar of Jiyva.
  5407 | D:5      | Reached skill level 5 in Invocations
  6285 | D:6      | Reached XP level 9. HP: 66/78 MP: 12/12
  6652 | D:6      | Reached **** piety under Okawaru
  7519 | D:7      | Identified the +10 war axe of Termination {holy, rElec rN+
                  | MP-9}
  9237 | D:8      | Reached skill level 5 in Dodging
  9237 | D:8      | Reached XP level 10. HP: 38/88 MP: 11/14
  9441 | D:8      | Noticed Psyche
  9468 | D:8      | Killed Psyche
  9468 | D:8      | Reached ***** piety under Okawaru
 10190 | D:8      | Found a runed translucent gate.
 10191 | D:8      | Found a runed translucent gate.
 10191 | D:8      | Noticed jfcaron's ghost (novice DjCA)
 10192 | D:8      | Found a runed translucent gate.
 10387 | D:8      | Killed jfcaron's ghost
 10387 | D:8      | Identified the +1 scale mail of Awe {-Tele rC+ Int+8 Dex+2}
                  | (Okawaru gifted it to you on level 8 of the Dungeon)
 10387 | D:8      | Received a gift from Okawaru
 11277 | D:9      | Found a staircase to the Lair.
 11349 | D:9      | Noticed Harold
 11355 | D:9      | Killed Harold
 11356 | D:9      | Reached XP level 11. HP: 97/97 MP: 13/16
 11651 | D:9      | Reached skill level 5 in Armour
 11651 | D:9      | Reached skill level 5 in Shields
 11710 | D:9      | Noticed a deep elf pyromancer
 11716 | D:9      | Noticed a boulder beetle
 11722 | D:9      | Killed a deep elf pyromancer
 12318 | D:9      | Found an ornate altar of the Wu Jian Council.
 12395 | D:9      | Killed a boulder beetle
 12733 | D:10     | Entered Level 10 of the Dungeon
 12917 | D:10     | Noticed a skeletal warrior
 12940 | D:10     | Received a gift from Okawaru
 12948 | D:10     | Killed a skeletal warrior
 12949 | D:10     | Reached skill level 10 in Fighting
 12949 | D:10     | Reached skill level 10 in Unarmed Combat
 13149 | D:10     | Noticed a skeletal warrior
 13149 | D:10     | Noticed a skeletal warrior
 13162 | D:10     | Killed a skeletal warrior
 13180 | D:10     | Killed a skeletal warrior
 13783 | D:10     | Reached XP level 12. HP: 76/107 MP: 18/18
 14108 | D:11     | Noticed Nergalle
 14114 | D:11     | Killed Nergalle
 14155 | D:11     | Reached skill level 10 in Invocations
 14280 | D:11     | Found a transporter.
 14283 | D:11     | Identified the +0 quarterstaff of Chaos {vamp, rN++}
 14288 | D:11     | Found a staircase to the Orcish Mines.
 14413 | D:11     | Noticed a soul eater
 14424 | D:11     | Noticed Snorg
 14443 | D:11     | Killed Snorg
 14443 | D:11     | Received a gift from Okawaru
 14443 | D:11     | Found the +8 storm bow {elec, penet}
 14452 | D:11     | Reached ****** piety under Okawaru
 14954 | D:4      | Noticed Natasha
 14960 | D:4      | Killed Natasha
 16046 | D:11     | Found a transporter.
 16055 | D:11     | Noticed a hell hog
 16063 | D:11     | Noticed arthad's ghost (journeyman GnWn)
 16393 | D:12     | Noticed an eight-headed hydra
 16400 | D:12     | Killed an eight-headed hydra
 16653 | D:12     | Got Ts'ui Pên's Grimoire of Forking Paths
 16663 | D:12     | Noticed a two-headed ogre
 16670 | D:12     | Killed a two-headed ogre
 16670 | D:12     | Identified the +0 buckler of Kucour {Str+4} (Okawaru gifted
                  | it to you on level 12 of the Dungeon)
 16670 | D:12     | Received a gift from Okawaru
 17250 | D:12     | Noticed Fannar
 17255 | D:12     | Noticed a six-headed hydra
 17263 | D:12     | Killed Fannar
 17264 | D:12     | Reached XP level 13. HP: 109/116 MP: 17/20
 18103 | D:12     | Got the Volume of Plaster Cramp
 18782 | D:13     | Found a runed translucent door.
 19163 | D:13     | Noticed a vault guard
 19164 | D:13     | Noticed a vault guard
 19178 | D:13     | Killed a vault guard
 19186 | D:13     | Killed a vault guard
 19194 | D:13     | Noticed a vault guard
 19204 | D:13     | Killed a vault guard
 19459 | D:13     | Found a gate to the Vaults.
 20146 | D:13     | Identified the +3 triple crossbow of the Blessed Realm
                  | {elec, rC+} (Okawaru gifted it to you on level 13 of the
                  | Dungeon)
 20146 | D:13     | Received a gift from Okawaru
 22143 | D:14     | Reached skill level 1 in Bows
 22170 | D:14     | Splashed by a brown ugly thing's acid

Illustrated notes

Levels and vault maps discovered:
D:1:      moated_graveyard_arrival, layout_basic
D:2:      layout_rooms, dreamdust_ecumenical_altar_drowned_temple,
          minmay_misc_feat_rows
D:3:      layout_loops_ring, gammafunk_temple_overflow_wave,
          uniq_crazy_yiuf_cottage
D:4:      layout_cave_pods, minmay_temple_entry_trees, uniq_natasha,
          uniq_sigmund
D:5:      layout_basic, gup_sewer_entry_glass, uniq_prince_ribbit1
D:6:      layout_rooms
D:7:      layout_layer_cave
D:8:      layout_rooms, biasface_ghost_orc_armoury, uniq_psyche
D:9:      layout_cave_pods, dpeg_oklobed_lair, minmay_ruined_shrine, uniq_harold
D:10:     layout_roguey, minmay_fractal_squares_gapless_5
D:11:     layout_basic, minmay_orc_entry_temple_small,
          gammafunk_ghost_abyssal_escape, uniq_nergalle, uniq_snorg
D:12:     layout_gridville, bh_hangedman_babel_library, uniq_fannar
D:13:     cheibrodos_shockbox, layout_loops_corners, ximxim_vaults_locker_room,
          dk_noncrumbling_2
D:14:     layout_loops_ring, minmay_misc_feat_pillars,
          nicolae_trove_entry_columns
Temple:   regret_index_temple_chain_breaker

Skill      XL: |  1  2  3  4  5  6  7  8  9 10 11 12 13 |
---------------+----------------------------------------+-----
Invocations    | 1 2 3 4 5 7 8 9 11 12 | 12.2
Dodging        | 3 4 5 6 7 |  7.9
Armour         | 1 2 3 4 5 6 7 |  7.2
Fighting       | 4 5 6 7 9 10 11 12 | 12.7
Unarmed Combat | 4 5 6 7 9 10 11 12 | 12.5
Shields        | 1 2 3 4 5 6 7 |  7.2
Bows           | 1 |  1.4
Stealth        | |  2.1

Action                   |  1- 3 |  4- 6 |  7- 9 | 10-12 | 13-15 || total
-------------------------+-------+-------+-------+-------+-------++-------
Melee: Unarmed           |    92 |   150 |   541 |   630 |   300 ||  1713
       Punch             |       |     5 |    18 |    54 |    33 ||   110
       Quarterstaff      |       |    10 |       |       |       ||    10
 Fire: Longbow           |       |       |       |     9 |       ||     9
Invok: Heroism           |       |     2 |     3 |    11 |     4 ||    20
       Finesse           |       |       |       |     2 |     3 ||     5
Evoke: Wand              |       |       |       |     4 |       ||     4
  Use: Potion            |       |     2 |     2 |     2 |     5 ||    11
       Scroll            |       |     1 |     4 |     9 |     1 ||    15
 Stab: Sleeping          |     7 |     1 |       |       |       ||     8
       Distracted        |     1 |       |       |       |       ||     1
       Invisible         |       |     4 |     1 |       |       ||     5
Armor: Robe              |    18 |       |       |       |       ||    18
       Leather armour    |       |    25 |       |       |       ||    25
       Chain mail        |       |    32 |   322 |   369 |   111 ||   834
Dodge: Dodged            |    53 |    76 |   217 |   302 |   130 ||   778
Block: Other             |       |       |       |    25 |    65 ||    90
       Reflection        |       |       |       |       |     2 ||     2

Table legend: (Time is in decaauts)
 A = Elapsed time spent in this place.
 B = Non-inter-level travel time spent in this place.
 C = Inter-level travel time spent in this place.
 D = Time resting spent in this place.
 E = Time spent auto-exploring this place.
 F = Levels seen in this place.
 G = Mean time per level.
                   A        B        C        D        E       F      G
               +--------+--------+--------+--------+--------+-----+--------+
         Total |  21916 |  20852 |   1064 |   3826 |  13542 |  16 | 1369.8 |
       Dungeon |  21365 |  20329 |   1036 |   3826 |  13216 |  14 | 1526.1 |
        Temple |    182 |    154 |     28 |      0 |    135 |   1 |  182.0 |
         Sewer |    368 |    368 |      0 |      0 |    191 |   1 |  368.0 |
               +--------+--------+--------+--------+--------+-----+--------+

Top non-repeatable levels by time:
    D:13: 2793 daAuts
     D:9: 1964 daAuts
    D:12: 1851 daAuts
     D:8: 1791 daAuts
     D:5: 1786 daAuts
    D:11: 1672 daAuts
     D:4: 1590 daAuts
     D:7: 1447 daAuts
    D:10: 1323 daAuts
     D:6: 1290 daAuts
    D:14: 1118 daAuts
     D:3: 1113 daAuts
     D:1: 993 daAuts
     D:2: 628 daAuts
   Sewer: 368 daAuts
